 Dungeon Crawl Stone Soup version 0.22-a0-247-gbddf880 (webtiles) character file.

289 Amnesiac the Digger (level 6, -1/41 HPs)
             Began as a Formicid Earth Elementalist on Feb 23, 2018.
             Slain by a wight
             ... wielding a cursed +3 great sword
              (12 damage)
             ... on level 5 of the Dungeon.
             The game lasted 00:02:58 (777 turns).

Amnesiac the Digger (Formicid Earth Elementalist)    Turns: 777, Time: 00:02:59

Health: -1/41      AC:  2    Str: 13    XL:     6   Next: 57%
Magic:  6/12       EV: 12    Int: 16    God:
Gold:   25         SH:  0    Dex: 11    Spells: 6/13 levels left

rFire    . . .     SeeInvis +   k - +0 dagger
rCold    . . .     Gourm    .   (no shield)
rNeg     . . .     Faith    .   c - +0 robe
rPois    .         Spirit   .   (helmet unavailable)
rElec    .         Reflect  .   (no cloak)
rCorr    .         Harm     .   (no gloves)
MR       .....                  (no boots)
Stlth    ++........             (no amulet)
HPRegen  0.13/turn              (no ring)
MPRegen  0.13/turn              (no ring)

@: drained
A: permanent stasis, dig shafts and tunnels, four strong arms, antennae 3
a: Dig, Shaft Self


You were on level 5 of the Dungeon.
You were not hungry.

You visited 1 branch of the dungeon, and saw 5 of its levels.

You collected 25 gold pieces.

Inventory:

Hand Weapons
 k - a +0 dagger (weapon)
Missiles
 b - 45 stones (quivered)
 g - 9 poisoned needles
Armour
 c - a +0 robe (worn)
Jewellery
 j - an uncursed ring of positive energy {unknown}
Scrolls
 a - a scroll of enchant weapon {!r, unknown}
 h - 2 scrolls of teleportation {!r, unknown}
Potions
 e - a potion of curing {!q, unknown}
 f - a potion of invisibility {!q, unknown}
 i - a potion of lignification {!q, unknown}
Comestibles
 d - 2 rations
 l - 2 chunks of flesh


   Skills:
 - Level 1.7(1.4) Dodging
 - Level 2.4(2.0) Stealth
 + Level 4.1(3.7) Spellcasting
 - Level 1.1(0.7) Transmutations
 * Level 7.1(6.6) Earth Magic


You had 6 spell levels left.
You knew the following spells:

 Your Spells              Type           Power        Failure   Level  Hunger
a - Sandblast             Erth           ###...       1%          1    None
b - Passwall              Tmut/Erth      ##........   5%          2    ##.....
e - Petrify               Tmut/Erth      ##......     36%         4    ####...


Dungeon Overview and Level Annotations

Branches:
Dungeon (5/15)
 Temple: D:4-7

Altars:
Yredelemnul


Innate Abilities, Weirdness & Mutations

You cannot be hasted, slowed, berserked, paralysed or teleported.
You can dig through walls and to a lower floor.
Your four strong arms can wield two-handed weapons with a shield.
You have a pair of large antennae on your head. (SInv)


Message History

You feel your dexterity returning.
Your Earth Magic skill increases to level 7!
b - 50 stones
Casting: Sandblast (safe; 1% risk of failure)
Confirm with . or Enter, or press ? or * to list all spells.
You can't see any susceptible monsters within range! (Use Z to cast anyway.)
Casting: Sandblast (safe; 1% risk of failure)
Confirm with . or Enter, or press ? or * to list all spells.
You can't see any susceptible monsters within range! (Use Z to cast anyway.)
You start resting.
You sense a monster nearby.
You start resting.
A wight comes into view.
It is wielding an enchanted great sword.
Unknown command.
Things that are here:
a howler monkey skeleton; a scorpion corpse A wight comes into view.
It is wielding a flail.
Casting: Sandblast (safe; 1% risk of failure)
Confirm with . or Enter, or press ? or * to list all spells.
Aiming: Sandblast (safe; 1% risk of failure)
Press: ? - help, Shift-Dir - straight line, f - wight
Aim: a wight, wielding an enchanted great sword and wearing a robe The blast of sand hits the wight.
The wight is heavily damaged.
b - 49 stones Unknown command.
Casting: Sandblast (safe; 1% risk of failure)
Confirm with . or Enter, or press ? or * to list all spells.
Aiming: Sandblast (safe; 1% risk of failure)
Press: ? - help, Shift-Dir - straight line, f/p - wight
Aim: a wight, wielding an enchanted great sword and wearing a robe (heavily damaged)
The blast of sand hits the wight.
The wight is severely damaged.
b - 48 stones
Casting: Sandblast (safe; 1% risk of failure)
Confirm with . or Enter, or press ? or * to list all spells.
Aiming: Sandblast (safe; 1% risk of failure)
Press: ? - help, Shift-Dir - straight line, f/p - wight
Aim: a wight, wielding an enchanted great sword and wearing a robe (severely damaged)
The blast of sand hits the wight.
The wight is severely damaged.
b - 47 stones The wight hits you with an enchanted great sword!
* * * LOW HITPOINT WARNING * * *
You feel drained.
* * * LOW HITPOINT WARNING * * *
Casting: Sandblast (safe; 1% risk of failure)
Confirm with . or Enter, or press ? or * to list all spells.
Aiming: Sandblast (safe; 1% risk of failure)
Press: ? - help, Shift-Dir - straight line, f/p - wight
Aim: a wight, wielding an enchanted great sword and wearing a robe (severely damaged)
The blast of sand misses the wight.
b - 46 stones Unknown command.
Casting: Sandblast (safe; 1% risk of failure)
Confirm with . or Enter, or press ? or * to list all spells.
Aiming: Sandblast (safe; 1% risk of failure)
Press: ? - help, Shift-Dir - straight line, f/p - wight
Aim: a wight, wielding an enchanted great sword and wearing a robe (severely damaged)
The blast of sand hits the wight.
The wight is severely damaged.
b - 45 stones The wight hits you with an enchanted great sword!
You die...

#..####..# ##.... #.#####
#.....##.....##
..............##
...............###
...............÷.##########
........!......###........#
...............###....)...#
....?........z@.##..#.##..#
..$..............'...♣.#..'.#
..$....[.........'..#.♣...'.#
......##...z.(####..##.#).###
.#...........##..#........#
..##......<..##.##........#
................###########
.................##
.............#....#


You could see 2 wights.

Vanquished Creatures
  A scorpion (D:5)
  A howler monkey (D:5)
  A hound (D:5)
  A jelly (D:5)
  A quasit (D:5)
  A bullfrog skeleton (D:5)
  A centaur skeleton (D:4)
  Natasha (D:2)
  An adder (D:2)
  An ooze (D:2)
  A dart slug (D:2)
  2 goblins (D:1)
  3 jackals (D:2)
  3 kobolds (D:1)
19 creatures vanquished.

Notes
Turn   | Place    | Note
-------+----------+-------------------------------------------
     0 | D:1      | Amnesiac the Formicid Earth Elementalist began the quest for the Orb.
     0 | D:1      | Reached XP level 1. HP: 13/13 MP: 3/3
   293 | D:1      | Reached skill level 4 in Earth Magic
   334 | D:2      | Reached XP level 2. HP: 18/19 MP: 0/5
   413 | D:2      | Noticed Natasha
   417 | D:2      | Reached XP level 3. HP: 20/24 MP: 2/7
   471 | D:2      | Killed Natasha
   471 | D:2      | Reached skill level 5 in Earth Magic
   471 | D:2      | Reached XP level 4. HP: 30/30 MP: 5/8
   477 | D:2      | You fall through a shaft!
   482 | D:3      | You fall through a shaft for 2 floors!
   482 | D:5      | Entered Level 5 of the Dungeon
   509 | D:5      | Learned a level 2 spell: Passwall
   514 | D:5      | Learned a level 4 spell: Petrify
   616 | D:4      | Found a basalt altar of Yredelemnul.
   620 | D:4      | Reached XP level 5. HP: 34/35 MP: 6/10
   683 | D:5      | Reached skill level 6 in Earth Magic
   686 | D:5      | Reached XP level 6. HP: 19/41 MP: 4/11
   712 | D:5      | Reached skill level 7 in Earth Magic
   777 | D:5      | Slain by a wight

Vault maps used:
D:1:      dpeg_arrival_water_temple_mockup
D:2:      first_ration, hex_medium, makhleb_blood_cavern_becter, uniq_natasha
D:3:      tgw_sif, minmay_hedge_maze, kennysheep_crisscross, uniq_sigmund
D:4:      lemuel_doored_altar, minmay_temple_entry_from_below_a,
          grunt_decor_one_mirror, minmay_misc_feat_secret_circle, uniq_eustachio
D:5:      kennysheep_little_box, serial_shops, shop, kennysheep_generic_room_4

Skill      XL: |  1  2  3  4  5  6 |
---------------+-------------------+-----
Earth Magic    | 4 5 6 7 |  7.1
Spellcasting   | 3 4 |  4.1
Dodging        | |  1.7
Stealth        | |  2.4
Transmutations | |  1.1

Action                   |  1- 3 |  4- 6 || total
-------------------------+-------+-------++-------
Melee: Unarmed           |    39 |       ||    39
       Dagger            |       |     7 ||     7
 Cast: Sandblast         |    13 |    22 ||    35
       Petrify           |       |     1 ||     1
 Abil: Dig               |     1 |       ||     1
       Shaft Self        |       |     2 ||     2
 Stab: Petrified         |       |     6 ||     6
  Eat: Chunk             |       |     1 ||     1
Armor: Robe              |     9 |     3 ||    12
Dodge: Dodged            |    34 |    14 ||    48

Table legend:
 A = Spawn XP
 B = Non-spawn XP
 C = Spawn XP percentage of total XP
 D = Spawn monster count
 E = Non-spawn monster count
 F = Spawn count percentage of total count
 G = Total turns spent on level
                    A         B        C        D         E        F      G
               +---------+---------+-------+---------+---------+-------+---------
         Total |       0 |     413 |   0.0 |       0 |      19 |   0.0 |   777
               +---------+---------+-------+---------+---------+-------+---------
           D:1 |       0 |       8 |   0.0 |       0 |       5 |   0.0 |   310
           D:2 |       0 |      66 |   0.0 |       0 |       7 |   0.0 |   167
           D:4 |       0 |      37 |   0.0 |       0 |       1 |   0.0 |    12
           D:5 |       0 |     302 |   0.0 |       0 |       6 |   0.0 |   283
               +---------+---------+-------+---------+---------+-------+---------
